Unix NetHack Version 3.7.0-65 Work-in-progress - last build Oct 3 2022 04:20:45 (938f679fcd32a3c70215a73001258fd12811ee3d,branch:master). Game began 2022-10-04 13:01:30, ended 2022-10-04 14:00:48. y4k4r1, chaotic female orcish Barbarian --- --.-- h |...| --....- --..-- ..*......---...| --......*.d........| |.........h@x..<....| ---.....*---......--.-- --..!....- --. --- %%..*.... -------- Y4k4r1 the Pillager St:17 Dx:17 Co:18 In:7 Wi:9 Ch:7 Chaotic S:914 Dlvl:4 $:10 HP:0(45) Pw:5(5) AC:5 Xp:5/186 T:1816 Latest messages: The hobbit hits! You kill the hobbit! Welcome to experience level 5. You kill the gnome! The dwarf throws a dagger! The dagger hits the gnome lord. The gnome lord hits! You smite the gnome lord! You smite the gnome lord! The gnome lord hits! You kill the gnome lord! What do you want to read? [flrt or ?*] As you read the scroll, it disappears. This is an identify scroll. o - a cursed potion of acid. What do you want to read? [flrt or ?*] As you read the scroll, it disappears. g - an uncursed potion of speed. What do you want to read? [flrt or ?*] Never mind. You stop. Idefix is in the way! Idefix drops a blue gem. You kill the grid bug! You kill the grid bug! Idefix bites the grid bug. Idefix picks up a rock. It is missed. The vial crashes on your head and breaks into shards. The pink potion evaporates. You feel somewhat dizzy. You feel less confused now. You climb up the stairs. You stop searching. Pick an object. You descend the stairs. You hear some noises in the distance. You hear some noises. Idefix misses the dwarf. Idefix misses the dwarf. The dwarf swings her dwarvish mattock. The dwarf hits! Idefix bites the dwarf. You miss the dwarf. Idefix bites the dwarf. The dwarf swings her dwarvish mattock at Idefix. The dwarf hits Idefix. The dwarf swings her dwarvish mattock. The dwarf hits! You die... Do you want your possessions identified? [ynq] (y) Inventory: Coins $ - 10 gold pieces Weapons a - a +0 battle-axe (weapon in hands) b - a +0 orcish short sword Armor v - an uncursed +0 pair of iron shoes (being worn) w - an uncursed +1 dwarvish cloak (being worn) c - an uncursed +0 orcish ring mail (being worn) Comestibles d - 2 uncursed food rations q - 2 uncursed food rations e - 2 uncursed fortune cookies m - a cursed orange Scrolls t - an uncursed scroll of create monster l - 2 uncursed scrolls of identify r - a cursed scroll of identify Spellbooks f - an uncursed spellbook of wizard lock Potions o - a cursed potion of acid h - an uncursed potion of gain ability n - a blessed potion of gain energy g - an uncursed potion of speed Rings k - a cursed ring of slow digestion Gems/Stones i - 2 uncursed worthless pieces of blue glass j - an uncursed worthless piece of violet glass s - an uncursed worthless piece of yellowish brown glass Y4k4r1 the Barbarian's attributes: Background: You were a Pillager, a level 5 female orcish Barbarian. You were chaotic, nominally on a mission for Set who was opposed by Mitra (lawful) and Crom (neutral). You were in the Gnomish Mines, on level 4. You entered the dungeon 1816 turns ago. You had 186 experience points, 134 more were needed to attain level 6. Your score was 914 before end-of-game adjustments. Basics: You had 0 out of 45 hit points. You had all 5 energy points (spell power). Your armor class was 5. Your wallet contained 10 zorkmids. Autopickup was on for '$?!/="+' plus thrown, with exceptions. Final Characteristics: Your strength was 17 (limit:18/50). Your dexterity was 17 (limit:18). Your constitution was 18 (limit:18). Your intelligence was 7 (limit:16). Your wisdom was 9 (limit:16). Your charisma was 7 (limit:16). Final Status: You were not hungry. You were unencumbered. You were wielding an axe. You had basic skill with axe. Final Attributes: You were devoutly aligned. You were poison resistant. You had infravision. You were warded. You are dead. Miscellaneous: You never encountered a bones level. Total elapsed playing time was 59 minutes and 18 seconds. Major events: Turn 1: y4k4r1 the chaotic female orcish Barbarian entered the dungeon 775: entered the Gnomish Mines 1037: attained the rank of Pillager (level 3) 1816: killed by a dwarf Vanquished creatures: a shrieker 2 gnome leaders a floating eye 2 dwarves 2 giant bats an acid blob 2 hobbits a yellow mold 17 gnomes a gecko 3 jackals a kobold 2 goblins 6 grid bugs 4 kobold zombies 2 newts 48 creatures vanquished. No species were genocided or became extinct. Voluntary challenges: You were an atheist. You read items or engraved 2 times. You never engraved Elbereth. You never genocided any monsters. You never polymorphed an object. You never changed form. You used no wishes. Achievements: You entered the Gnomish Mines. You attained the rank of Pillager. The Dungeons of Doom: levels 1 to 2 Level 1: A fountain, a sink. Level 2: Stairs down to The Gnomish Mines. The Gnomish Mines: levels 3 to 4 Level 3: Level 4: <- You were here. Final resting place for you, killed by a dwarf. Game over: ---------- / \ / REST \ / IN \ / PEACE \ / \ | y4k4r1 | | 10 Au | | killed by a | | dwarf | | | | | | 2022 | *| * * * | * _________)/\\_//(\/(/\)/\//\/|_)_______ Goodbye y4k4r1 the Barbarian... You died in The Gnomish Mines on dungeon level 4 with 913 points, and 10 pieces of gold, after 1816 moves. You were level 5 with a maximum of 45 hit points when you died.